 Dungeon Crawl Stone Soup version 0.29-a0-838-g385bb11a5b (webtiles) character file.

Game seed: 14206870694964953050

1701 ponyjar the Covert (level 9, -1/63 HPs)
             Began as an Octopode Brigand on July 13, 2022.
             Slain by a lemure (7 damage)
             ... led by Pikel
             ... on level 6 of the Dungeon.
             The game lasted 00:07:40 (6550 turns).

ponyjar the Covert (Octopode Brigand)               Turns: 6550, Time: 00:07:40

Health: -1/63      AC:  3    Str: 15 (16) XL:     9   Next: 3%
Magic:  9/9        EV: 17    Int: 11 (14) God:
Gold:   234        SH:  0    Dex: 16 (17) Spells: 8/8 levels left

rFire   . . .      SeeInvis .   a - +3 dagger
rCold   . . .      Faith    +   (no shield)
rNeg    . . .      Spirit   .   (helmet restricted)
rPois   .          Reflect  .   e - amulet of faith
rElec   .          Harm     .   q - +6 ring of strength
rCorr   +          Rampage  .   m - +4 ring of evasion
Will    .....                   g - ring of resist corrosion
Stlth   +++++.....              (no ring)
HPRegen 0.20/turn               (no ring)
MPRegen 0.11/turn               (no ring)
                                (no ring)
                                (no ring)

@: silenced
A: almost no armour, amphibious, 8 rings, camouflage 1, gelatinous body 1,
(nimble swimmer 1), tentacles, iridescent scales 1, screaming 1, wild magic 1
a: no special abilities


You were on level 6 of the Dungeon.
You visited 1 branch of the dungeon, and saw 6 of its levels.

You collected 234 gold pieces.

Inventory:

Hand Weapons
 a - a +3 dagger (weapon)
Missiles
 b - 21 poisoned darts (quivered)
 c - 3 curare-tipped darts
Jewellery
 e - an amulet of faith (around mantle)
 g - a ring of resist corrosion (on tentacle)
 m - a +4 ring of evasion (right tentacle)
 q - a +6 ring of strength (left tentacle)
Wands
 n - a wand of roots (6)
 o - a wand of digging (4)
Scrolls
 h - 3 scrolls of torment
 k - a scroll of enchant weapon
 p - a scroll of enchant armour
 r - 5 scrolls of identify
 u - a scroll of immolation {unknown}
Potions
 s - 2 potions of flight


   Skills:
 * Level 6.7 Fighting
 + Level 6.8 Short Blades
 - Level 2.0 Throwing
 - Level 1.0 Dodging
 + Level 10.6 Stealth


You had 8 spell levels left.
You didn't know any spells.
Your spell library contained the following spells:

 Spells                   Type           Power      Damage    Failure   Level
 Beastly Appendage        Tmut           0%         N/A       43%         1
 Summon Small Mammal      Summ           0%         N/A       43%         1
 Wereblood                Tmut           0%         N/A       56%         2
 Call Canine Familiar     Summ           0%         N/A       78%         3
 Dazzling Flash           Conj/Hex       0%         N/A       78%         3
 Spider Form              Tmut/Pois      0%         N/A       78%         3
 Summon Guardian Golem    Hex/Summ       0%         N/A       78%         3
 Agony                    Necr           0%         N/A       100%        5
 Silence                  Hex/Air        0%         N/A       100%        5


Dungeon Overview and Level Annotations

Branches:
Dungeon (6/15)
 Temple: D:4-7

Altars:
Hepliaklqana
Makhleb
Nemelex Xobeh
Yredelemnul
Zin
The Shining One

Shops:
D:1 =

Annotations:
D:3 Edmund
D:5 2 transporters
D:6 Palms's ghost, novice KoBr; Pikel


Innate Abilities, Weirdness & Mutations

You cannot wear most types of armour.
You are amphibious.
You can wear up to eight rings at the same time.
Your skin changes colour to match your surroundings (Stealth+).
Your rubbery body absorbs attacks. (AC +1, EV +1)
((You are camouflaged when in or above water. (Stealth+)))
You have tentacles for arms and can constrict up to eight enemies at once.
You are partially covered in iridescent scales. (AC +2)
You occasionally shout uncontrollably at your foes.
Your spells are a little harder to cast, but a little more powerful.


Message History

The scroll dissolves into smoke.
The gnoll bouda barks out a call to the hunt!
Found a leather armour and a chain mail.
The gnoll bouda gazes fiercely through you!
You feel your attacks grow feeble.
The gnoll bouda barks out a call to the hunt!
You hear a shout!
Really wriggle into that teleport trap?
You enter a teleport trap!
The teleport trap disappears.
Your surroundings suddenly seem different.
You yell at the lemure!
A bullfrog zombie, Pikel and 4 lemures come into view.
Pikel is wielding a +0 whip of electrocution and wearing a +1 robe of fire resistance.
You yell at the lemure!
Found a broad axe and 14 gold pieces.
The lemure shouts! x3
The lemure barely misses you. Pikel barely misses you.
Your attacks no longer feel as feeble.
The lemure splashes around in the water.
Okay, then.
Okay, then.
The lemure attacks as you move away! The lemure hits you!
* * * LOW HITPOINT WARNING * * *
Okay, then.
Hit: a) +3 dagger
Press: ? - help, Dir - move target, f - lemure
Aim: a lemure (about 33% to evade your +3 dagger)
Okay, then.
Okay, then.
As you read the scroll labelled VOJOISU ZEWN, it crumbles to dust.
A profound silence engulfs you.
It was a scroll of silence.
The lemure misses you.
Magic scrolls do not work when you're silenced!
Unknown command.
The lemure attacks as you move away! The lemure hits you.
* * * LOW HITPOINT WARNING * * *
The lemure attacks as you move away! The lemure barely misses you.
You feel a little less mighty now. The lemure attacks as you move away!
The lemure completely misses you. The lemure attacks as you move away!
The lemure hits you!
You die...

.......§g§§§§§#
#.# #.# #.##
#######§§§#####
#.# #.# #.#
.s...Y#§§§ #.#
#.# #.# ..#...
#.# #.# #.#
.#.#. #.#
#.###.## [ W
#####.#
#....... #..
##....## #.#
#.#P.8. #@#
#.#..§8 #5#
#.#.8.. #.#
#.#.... #5#
#...... #5###
###.### #5..#
#. # #.#.# #. #
#.Z.# #. # ..
##.## #


You could see 4 lemures and a bullfrog zombie.

Vanquished Creatures
  A shadow (D:6)
  A water moccasin (D:5)
  2 ice beasts
  A black bear (D:5)
  A sky beast (D:6)
  2 ogres
  A centaur (D:5)
  2 phantoms
  Blork the orc (D:6)
  A bullfrog (D:4)
  A scorpion (D:6)
  A bullfrog zombie (D:6)
  A gnoll bouda (D:4)
  Crazy Yiuf (D:5)
  A hound (D:4)
  A jelly (D:5)
  4 iguanas
  An orc wizard (D:5)
  5 adders
  4 gnolls (D:4)
  A shadow imp (D:5)
  2 worms (D:3)
  7 dart slugs
  17 orcs
  7 ball pythons
  4 endoplasms
  4 giant cockroaches
  7 goblins
  8 hobgoblins
  7 kobolds
  2 quokkas
  5 bats
  4 frilled lizards
  3 rats
111 creatures vanquished.

Vanquished Creatures (others)
  A withered plant (D:6)
1 creature vanquished.

Grand Total: 112 creatures vanquished

Notes
Turn   | Place    | Note
-------+----------+-------------------------------------------
     0 | D:1      | ponyjar the Octopode Brigand began the quest for the Orb.
     0 | D:1      | Reached XP level 1. HP: 14/14 MP: 1/1
    65 | D:1      | Reached XP level 2. HP: 11/19 MP: 2/2
   442 | D:1      | Found Gaid's Jewellery Emporium.
   537 | D:1      | Reached skill level 6 in Stealth
   537 | D:1      | Reached XP level 3. HP: 23/24 MP: 3/3
   938 | D:2      | Noticed an ogre
   957 | D:2      | Killed an ogre
   958 | D:2      | Reached skill level 7 in Stealth
   958 | D:2      | Reached XP level 4. HP: 29/29 MP: 4/4
   958 | D:2      | Reached XP level 5. HP: 34/34 MP: 5/5
  2156 | D:3      | Found a faded altar of an unknown god.
  2175 | D:3      | Found a burning altar of Makhleb.
  2181 | D:3      | Found a glowing silver altar of Zin.
  2181 | D:3      | Noticed a balrug
  2181 | D:3      | Noticed an angel
  2420 | D:4      | Reached XP level 6. HP: 32/39 MP: 6/6
  2646 | D:4      | Reached skill level 8 in Stealth
  3028 | D:4      | Noticed Edmund
  3353 | D:3      | Gained mutation: You are partially covered in iridescent
                  | scales. (AC +2) [potion of mutation]
  3353 | D:3      | Gained mutation: You occasionally shout uncontrollably at
                  | your foes. [potion of mutation]
  3353 | D:3      | Gained mutation: Your spells are a little harder to cast,
                  | but a little more powerful. [potion of mutation]
  3808 | D:4      | Reached skill level 5 in Short Blades
  4072 | D:4      | Found a sparkling altar of Nemelex Xobeh.
  4213 | D:5      | Entered Level 5 of the Dungeon
  4213 | D:5      | Noticed a black bear
  4223 | D:5      | Noticed an ice beast
  4232 | D:5      | Killed a black bear
  4233 | D:5      | Reached XP level 7. HP: 22/45 MP: 7/7
  4838 | D:5      | Reached skill level 9 in Stealth
  5041 | D:5      | Found a hazy altar of Hepliaklqana.
  5042 | D:5      | Found a transporter.
  5043 | D:5      | Found a basalt altar of Yredelemnul.
  5044 | D:5      | Noticed a wraith
  5059 | D:5      | Found a transporter.
  5268 | D:5      | Found a runed translucent door.
  5269 | D:5      | Noticed Crazy Yiuf
  5427 | D:5      | Reached XP level 8. HP: 46/54 MP: 8/8
  5433 | D:5      | Found a glowing golden altar of the Shining One.
  5635 | D:5      | Killed Crazy Yiuf
  5788 | D:6      | Reached skill level 5 in Fighting
  6045 | D:6      | Noticed a shadow
  6052 | D:6      | Killed a shadow
  6053 | D:6      | Reached skill level 10 in Stealth
  6093 | D:6      | Noticed Blork the orc
  6098 | D:6      | Killed Blork the orc
  6499 | D:6      | Reached XP level 9. HP: 19/63 MP: 9/9
  6517 | D:6      | Noticed Palms's ghost (novice KoBr)
  6525 | D:6      | Noticed Pikel
  6550 | D:6      | Slain by a lemure

Illustrated notes

Levels and vault maps discovered:
D:1:      evilmike_arrival_crescent, layout_basic, serial_shops, shop_statue,
          minivault_14
D:2:      layout_rooms, minmay_fractal_squares_gapless_5
D:3:      layout_rooms, grunt_temple_overflow_order_and_chaos_2,
          basic_ecumenical_altar
D:4:      layout_loops_ring, nemelex_diamond_rough_becter,
          minmay_fractal_squares_5, uniq_edmund
D:5:      layout_loops_cross, tso_oasis_becter, gammafunk_temple_overflow_arena,
          uniq_crazy_yiuf_cottage
D:6:      layout_loops_ring, serial_undead, serial_undead_d, serial_undead_f,
          serial_undead_c, serial_undead_a, gammafunk_ghost_split,
          kennysheep_generic_room_14, uniq_pikel, uniq_blork_the_orc,
          uniq_grinder

Skill      XL: |  1  2  3  4  5  6  7  8 |
---------------+-------------------------+-----
Stealth        | 6 7 8 9 10 | 10.6
Short Blades   | 3 4 5 6 |  6.8
Fighting       | 4 6 |  6.7
Throwing       | |  2.0
Dodging        | |  1.0

Action                   |  1- 3 |  4- 6 |  7- 9 || total
-------------------------+-------+-------+-------++-------
Melee: Dagger            |    34 |   126 |   151 ||   311
       Constrict         |     6 |    27 |    19 ||    52
       Tentacles         |     3 |    26 |    44 ||    73
       Punch             |     1 |     1 |     2 ||     4
Throw: Dart              |     1 |     2 |       ||     3
Evoke: Wand              |       |       |     3 ||     3
  Use: Potion            |     1 |     7 |     6 ||    14
       Scroll            |       |     9 |     2 ||    11
 Stab: Sleeping          |    16 |    11 |     3 ||    30
       Distracted        |       |     2 |       ||     2
Armor: Skin              |     3 |     6 |    15 ||    24
Dodge: Dodged            |    15 |    89 |    91 ||   195

Table legend: (Time is in decaauts)
 A = Elapsed time spent in this place.
 B = Non-inter-level travel time spent in this place.
 C = Inter-level travel time spent in this place.
 D = Time resting spent in this place.
 E = Time spent auto-exploring this place.
 F = Levels seen in this place.
 G = Mean time per level.
                   A        B        C        D        E       F      G
               +--------+--------+--------+--------+--------+-----+--------+
         Total |   6460 |   6341 |    119 |   1530 |   3791 |   6 | 1076.7 |
       Dungeon |   6460 |   6341 |    119 |   1530 |   3791 |   6 | 1076.7 |
               +--------+--------+--------+--------+--------+-----+--------+

Top non-repeatable levels by time:
     D:5: 1448 daAuts
     D:3: 1422 daAuts
     D:4: 1113 daAuts
     D:2: 940 daAuts
     D:1: 932 daAuts
     D:6: 603 daAuts
